 Dungeon Crawl Stone Soup version 0.29-a0-322-g68df515428 (webtiles) character file.

Game seed: 9241813487025269498

11 Flugkiller the Sneak (level 2, -1/21 HPs)
             Began as an Octopode Delver on Apr 7, 2022.
             Slain by an orc
             ... wielding a +0 trident
              (6 damage)
             ... on level 2 of the Dungeon.
             The game lasted 00:01:04 (534 turns).

Flugkiller the Sneak (Octopode Delver)               Turns: 534, Time: 00:01:05

Health: -1/21      AC:  1    Str: 11    XL:     2   Next: 29%
Magic:  2/2        EV: 13    Int: 12    God:
Gold:   1          SH:  0    Dex: 13    Spells: 1/1 levels left

rFire   . . .      SeeInvis .   a - +0 short sword
rCold   . . .      Faith    .   (no shield)
rNeg    . . .      Spirit   .   (helmet restricted)
rPois   .          Reflect  .   (no amulet)
rElec   .          Harm     .   (no ring)
rCorr   .          Rampage  .   (no ring)
Will    .....                   (no ring)
Stlth   ++++......              (no ring)
HPRegen 0.07/turn               (no ring)
MPRegen 0.08/turn               (no ring)
                                (no ring)
                                (no ring)

@: no status effects
A: almost no armour, amphibious, 8 rings, camouflage 1, gelatinous body 1,
(nimble swimmer 1), tentacles
a: no special abilities


You were on level 2 of the Dungeon.
You visited 1 branch of the dungeon, and saw 4 of its levels.

You collected 1 gold pieces.

Inventory:

Hand Weapons
 a - a +0 short sword (weapon)
Armour
 g - the +1 kite shield of Lilacs {rCorr Dex+3}
   (You found it on level 2 of the Dungeon)

   Dex:       It affects your dexterity (+3).
   rCorr:     It protects you from acid and corrosion.
Wands
 f - a wand of digging (3)
Scrolls
 b - a scroll of fog
 c - 2 scrolls of identify {unknown}
 e - 2 scrolls of fear
Potions
 d - a potion of curing {unknown}


   Skills:
 - Level 3.0 Fighting
 - Level 2.0 Short Blades
 + Level 2.9 Dodging
 - Level 6.6 Stealth


You had one spell level left.
You didn't know any spells.
Your spell library was empty.

Dungeon Overview and Level Annotations

Branches:
Dungeon (5/15)
 Temple: D:4-7

Altars:
Ashenzari
Qazlal
Beogh


Innate Abilities, Weirdness & Mutations

You cannot wear most types of armour.
You are amphibious.
You can wear up to eight rings at the same time.
Your skin changes colour to match your surroundings (Stealth+).
Your rubbery body absorbs attacks. (AC +1, EV +1)
((You are camouflaged when in or above water. (Stealth+)))
You have tentacles for arms and can constrict up to eight enemies at once.


Message History

You start resting.
A ball python comes into view.
A ball python is nearby!
Found a scroll labelled YGEIB OR BARE.
The ball python hisses angrily.
You hit the ball python.
You kill the ball python!
No target in view!
c - 2 scrolls labelled YGEIB OR BARE (gained 1) HP restored.
A bat comes into view.
Found a gold piece.
A bat is nearby!
A bat is nearby!
The helpless bat fails to defend itself.
You puncture the bat!
You kill the bat!
No target in view!
You now have 1 gold piece.
You see here a bat corpse. 2 goblins and a bat come into view.
There are monsters nearby!
There are monsters nearby!
The bat closely misses you.
Found a sedimented orange potion.
The bat hits you. The bat closely misses you.
You closely miss the goblin. Your grab misses the goblin.
The bat barely misses you. The goblin barely misses you.
The goblin attacks as you move away! The goblin barely misses you.
You barely miss the goblin. Your grab misses the goblin.
The goblin completely misses you.
You closely miss the goblin. You grab the goblin.
You squeeze the goblin, but do no damage.
You constrict the goblin. The goblin closely misses you.
You hit the goblin.
You kill the goblin!
The bat hits you but does no damage. The bat closely misses you.
You see here a +0 dagger.
You barely miss the bat. You grab the bat. You squeeze the bat.
You kill the bat!
You have reached level 2!
Found a mace.
The helpless goblin fails to defend itself.
You impale the goblin!!
You kill the goblin!
No target in view!
Things that are here:
a +0 dagger; a goblin corpse A hobgoblin comes into view.
Found 2 scrolls of fear.
You see here a sedimented orange potion.
A hobgoblin is nearby!
A hobgoblin is nearby!
The helpless hobgoblin fails to defend itself.
You puncture the hobgoblin!
You kill the hobgoblin!
No target in view!
No target in view!
No target in view!
d - a sedimented orange potion
e - 2 scrolls of fear
Found a stone staircase leading down.
An orc comes into view. It is wielding a +0 dagger.
Found a roughly hewn altar of Beogh.
There is a fountain of clear blue water here.
An orc comes into view. It is wielding a +0 trident.
Found 9 gold pieces.
The orc shouts!
You hear a shout!
The orc shouts!
An orc comes into view. It is wielding a +0 short sword.
You see here the +1 kite shield of Lilacs {rCorr Dex+3}.
g - the +1 kite shield of Lilacs {rCorr Dex+3} The orc attacks as you move away!
The orc hits you with a +0 dagger. The orc attacks as you move away!
The orc misses you.
You hit the orc but do no damage. Your grab misses the orc.
The orc hits you with a +0 dagger.
You hit the orc. You grab the orc.
The orc is heavily wounded.
You constrict the orc, but do no damage.
The orc closely misses you.
You hit the orc.
You kill the orc!
The orc attacks as you move away! The orc closely misses you.
You closely miss the orc. Your grab misses the orc.
You squeeze the orc, but do no damage.
The orc hits you from afar with a +0 trident.
You are too injured to fight recklessly!
You barely miss the orc. You grab the orc. You constrict the orc.
The orc hits you from afar with a +0 trident.
The orc barely misses you.
You hit the orc but do no damage.
The orc is lightly wounded.
You constrict the orc, but do no damage.
The orc closely misses you. x2
You hit the orc. You squeeze the orc, but do no damage.
The orc is heavily wounded.
You constrict the orc, but do no damage.
The orc hits you with a +0 short sword.
* * * LOW HITPOINT WARNING * * *
The orc hits you from afar with a +0 trident.
You die...

#.......#####.#
#.......#.....# ##+###
#.......#.##### #.....#
###....)..#.#########.......
..).............#..#........
.##.........###.#...........
..########.)###.#......#≈#.
#.# #....#.#⌠...§.≈_≈$. ..#
#.##.#.@.o....#≈#..
#...............o.)....§...
.########.###.##...#........
.# #. >..#######....... .#
##### #.....# .. ##+###


You could see 2 orcs.

Vanquished Creatures
  An orc (D:2)
  2 bats (D:2)
  An endoplasm (D:2)
  2 goblins (D:2)
  A hobgoblin (D:2)
  A ball python (D:2)
  A rat (D:3)
9 creatures vanquished.

Vanquished Creatures (others)
  A fungus (D:5)
  A plant (D:5)
2 creatures vanquished.

Grand Total: 11 creatures vanquished

Notes
Turn   | Place    | Note
-------+----------+-------------------------------------------
     0 | D:5      | Flugkiller the Octopode Delver began the quest for the Orb.
     0 | D:5      | Reached XP level 1. HP: 16/16 MP: 1/1
     4 | D:5      | Found a stormy altar of Qazlal.
     5 | D:5      | Noticed a wight
     5 | D:5      | Noticed a wight
     6 | D:5      | Noticed a wight
    13 | D:5      | Noticed an orc priest
    16 | D:5      | Noticed a sky beast
    29 | D:5      | Noticed an iguana
    73 | D:4      | Found a broken altar of Ashenzari.
    77 | D:4      | Noticed a hound
    81 | D:4      | Noticed an ogre
   481 | D:2      | Reached XP level 2. HP: 21/21 MP: 2/2
   522 | D:2      | Identified the +1 kite shield of Lilacs {rCorr Dex+3}
   534 | D:2      | Slain by an orc

Illustrated notes

Levels and vault maps discovered:
D:2:      layout_loops_cross, hellmonk_ecumenical_altar_defaced_shrine,
          uniq_sigmund
D:3:      layout_basic, general_overflow_altar, serial_shops,
          nicolae_shop_crystal, shop_fountains
D:4:      layout_basic, cheibrodos_ashenzari_chains, temple_statues,
          st_stairs_11, uniq_ijyb
D:5:      layout_rooms, grunt_temple_overflow_forces_of_nature

Action                   || total
-------------------------++-------
Melee: Short sword       ||    19
       Constrict         ||     5
       Tentacles         ||     5
  Use: Scroll            ||     2
       Potion            ||     1
 Stab: Sleeping          ||     3
Armor: Skin              ||     2
Dodge: Dodged            ||    15

Table legend: (Time is in decaauts)
 A = Elapsed time spent in this place.
 B = Non-inter-level travel time spent in this place.
 C = Inter-level travel time spent in this place.
 D = Time resting spent in this place.
 E = Time spent auto-exploring this place.
 F = Levels seen in this place.
 G = Mean time per level.
                   A        B        C        D        E       F      G
               +--------+--------+--------+--------+--------+-----+--------+
         Total |    514 |    514 |      0 |    295 |     74 |   4 |  128.5 |
       Dungeon |    514 |    514 |      0 |    295 |     74 |   4 |  128.5 |
               +--------+--------+--------+--------+--------+-----+--------+

Top non-repeatable levels by time:
     D:4: 230 daAuts
     D:2: 212 daAuts
     D:5: 41 daAuts
     D:3: 29 daAuts
